 Dungeon Sprint DCSS version 0.29-a0-1027-gcd8c55af63 (webtiles) character file.

Game seed: 8172620817537626005

6825 mhtbhm the Ninja (level 10, -3/53 HPs)
             Began as a Spriggan Brigand on Aug 13, 2022.
             Was the Champion of Dithmenos.
             Killed from afar by Sigmund (32 damage)
             ... with a lance of force
             ... in the Dungeon (Sprint III: "The Ten Rune Challenge").
             The game lasted 00:04:29 (914 turns).

mhtbhm the Ninja (Spriggan Brigand)                  Turns: 914, Time: 00:04:30

Health: -3/53      AC:  3    Str:  7    XL:     10   Next: 77%
Magic:  18/19      EV: 22    Int: 12    God:    Dithmenos [******]
Gold:   40         SH:  0    Dex: 22    Spells: 9/9 levels left

rFire   . . .      SeeInvis +   a - +2 dagger
rCold   . . .      Faith    .   (no shield)
rNeg    . . .      Spirit   .   b - +0 robe
rPois   .          Reflect  .   (helmet restricted)
rElec   .          Harm     .   c - +0 cloak
rCorr   .          Rampage  .   (gloves unavailable)
Will    +....      NoTele   +   (boots unavailable) Stlth ********++
                                (no amulet)
HPRegen 0.17/turn               (no ring)
MPRegen 0.16/turn               (no ring)

@: wreathed by umbra, very quick
A: very small, no large weapons, unfitting armour, see invisible, speed 3
a: Renounce Religion, Shadow Step, Shadow Form


You were in the Dungeon.
You worshipped Dithmenos.
Dithmenos was exalted by your worship.
You visited 1 branch You collected 40 gold pieces.

Inventory:

Hand Weapons
 a - a +2 dagger (weapon)
Missiles
 e - a curare-tipped dart (quivered)
Armour
 b - a +0 robe (worn)
 c - a +0 cloak (worn)
Scrolls
 k - a scroll of blinking
 m - a scroll of immolation {unknown}
 n - a scroll of magic mapping {unknown}
 p - a scroll of poison {unknown}
 q - a scroll of identify {unknown}
Potions
 i - 2 potions of magic
 l - 2 potions of degeneration {unknown}
 o - 3 potions of flight
 r - 5 potions of mutation
Miscellaneous
 j - a phial of floods (inert)


   Skills:
 + Level 5.7 Fighting
 + Level 10.2 Short Blades
 + Level 8.5 Throwing
 + Level 6.1 Dodging
 O Level 27 Stealth
 * Level 10.6 Invocations
 + Level 7.1 Evocations


You had 9 spell levels left.
You didn't know any spells.
Your spell library contained the following spells:

 Spells                   Type           Power      Damage    Failure   Level
 Apportation              Tloc           0%         N/A       32%         1
 Necrotise                Necr           0%         1d4       32%         1
 Summon Small Mammal      Summ           0%         N/A       32%         1


Dungeon Overview and Level Annotations

Branches:
Dungeon (1/1)

Altars:
Cheibriados
Dithmenos
Elyvilon
Fedhas
Gozag
Hepliaklqana
Kikubaaqudgha
Makhleb
Nemelex Xobeh
Okawaru
Qazlal
Ru
Sif Muna
Trog
Uskayaw
Vehumet
Wu Jian
Xom
Yredelemnul
Zin
The Shining One
Jiyva
Lugonu

Annotations:
D Sigmund


Innate Abilities, Weirdness & Mutations

You are very small and have problems with some larger weapons.
You are too small for most types of armour.
You have supernaturally acute eyesight. (SInv)
You cover ground extremely quickly. (Speed+++)


Message History

Sigmund looks as sick as possible!
Sigmund is moderately wounded.
Throw: 4 darts (poison)
Press: ? - help, Q - select action, (/) - cycle Shift-Dir - straight line, f/p - Sigmund
Aim: Sigmund, wielding a +0 scythe of distortion (heavily wounded, extremely poisoned, umbra, 66% to hit)
You throw a poisoned dart. The poisoned dart hits Sigmund!
Sigmund looks as sick as possible!
Sigmund is heavily wounded.
Unknown command.
Throw: 3 darts (poison)
Press: ? - help, Q - select action, (/) - cycle Shift-Dir - straight line, f/p - Sigmund
Aim: Sigmund, wielding a +0 scythe of distortion (heavily wounded, extremely poisoned, umbra, 66% to hit)
You throw a poisoned dart. The poisoned dart hits Sigmund!!
Sigmund looks as sick as possible!
Sigmund is heavily wounded.
Unknown command.
Throw: 2 darts (poison)
Press: ? - help, Q - select action, (/) - cycle Shift-Dir - straight line, f/p - Sigmund
Aim: Sigmund, wielding a +0 scythe of distortion (heavily wounded, extremely poisoned, umbra, 66% to hit)
You throw a poisoned dart. The poisoned dart hits Sigmund!
Sigmund looks as sick as possible!
Sigmund is heavily wounded.
You enter the shallow water.
Moving in this stuff is going to be slow.
Throw: dart (poison)
Press: ? - help, Q - select action, (/) - cycle Shift-Dir - straight line, f/p - Sigmund
Aim: Sigmund, wielding a +0 scythe of distortion (heavily wounded, extremely poisoned, umbra, 66% to hit)
You throw a poisoned dart. The poisoned dart hits Sigmund!
Sigmund looks as sick as possible!
Sigmund is heavily wounded.
Hit: a) +2 dagger
Press: ? - help, Dir - move target, p - Sigmund You can't see that place. [a tree.]
Okay, then.
Unknown command.
Sigmund points at you and mumbles some strange words.
The lance of force hits you!!
Ouch! That really hurt!
You die...

..####...#...######'#
..###....#.⌠.#__#...#+###########
..##.....#...#__#...#.§§§§'.#))..
..#......#'###__#...#.#§§§#.#.#..
##.#.....#.).#__#...'.#.§§#.#~#).
####....#___#__'...#.#..§#...#..
▓▓▓▓▓▓▓▓▓▓▓▓▓▓▓▓▓▓▓▓▓▓▓▓▓▓▓▓▓
♣.....♣♣♣♣~~@(..(((..(~~..
♣.≈≈≈≈'♣♣@♣≈≈≈≈≈≈≈≈≈≈≈≈♣♣P
+...†.#.~♣♣♣♣♣♣♣♣♣♣♣♣♣♣♣♣P
♣♣♣♣♣♣#..♣♣ ♣♣ ###'♣♣♣♣♣
♣♣♣♣†##..## ♣†..##†##.#
♣♣.##†##†##+ ♣..#.##...#
♣♣.##.##.)#


You could see Sigmund (extremely poisoned).

Vanquished Creatures
  Snorg (D)
  A centaur warrior (D)
  Urug (D)
  A lindwurm (D)
  A deep elf pyromancer (D)
  Edmund (D)
  2 cane toads (D)
  A komodo dragon (D)
  An unseen horror (D)
  A rime drake (D)
  3 wandering mushrooms (D)
  2 tyrant leeches (D)
  A shadow (D)
  3 redbacks (D)
  A spatial vortex (D)
  A swamp drake (D)
  2 centaurs (D)
  An earth elemental (D)
  A necrophage (D)
  A water elemental (D)
  A jelly (D)
  A wizard (D)
  A necromancer (D)
  3 humans (D)
  A kobold demonologist (D)
  A phantom (D)
  4 rats (D)
39 creatures vanquished.

Vanquished Creatures (others)
  6 plants (D)
6 creatures vanquished.

Grand Total: 45 creatures vanquished

Notes
Turn   | Place    | Note
-------+----------+-------------------------------------------
     0 | D        | mhtbhm the Spriggan Brigand began the quest for the Orb.
     0 | D        | Reached XP level 1. HP: 10/10 MP: 2/2
    10 | D        | Reached skill level 6 in Stealth
    30 | D        | Reached skill level 7 in Stealth
    60 | D        | Reached skill level 9 in Stealth
    60 | D        | Reached XP level 2. HP: 15/15 MP: 3/3
   111 | D        | Noticed a water elemental
   119 | D        | Killed a water elemental
   120 | D        | Reached skill level 12 in Stealth
   120 | D        | Reached XP level 3. HP: 19/19 MP: 4/4
   120 | D        | Reached XP level 4. HP: 23/23 MP: 5/5
   208 | D        | Found a shadowy altar of Dithmenos.
   208 | D        | Noticed a necrophage
   209 | D        | Found a basalt altar of Yredelemnul.
   209 | D        | Found a sacrificial altar of Ru.
   211 | D        | Killed a necrophage
   212 | D        | Reached skill level 14 in Stealth
   212 | D        | Reached XP level 5. HP: 28/28 MP: 6/6
   215 | D        | Became a worshipper of Dithmenos the Shadowed
   244 | D        | Found a radiant altar of Vehumet.
   245 | D        | Found a shimmering blue altar of Sif Muna.
   245 | D        | Found an ancient bone altar of Kikubaaqudgha.
   247 | D        | Reached skill level 1 in Invocations
   248 | D        | Reached skill level 15 in Stealth
   366 | D        | Found a glowing silver altar of Zin.
   367 | D        | Found a glowing golden altar of the Shining One.
   367 | D        | Found a white marble altar of Elyvilon.
   367 | D        | Noticed a deep elf pyromancer
   381 | D        | Killed a deep elf pyromancer
   381 | D        | Reached * piety under Dithmenos
   382 | D        | Reached skill level 5 in Throwing
   382 | D        | Reached skill level 18 in Stealth
   382 | D        | Reached XP level 6. HP: 26/33 MP: 7/10
   382 | D        | Reached XP level 7. HP: 29/37 MP: 7/11
   424 | D        | Found a hide-covered altar of Uskayaw.
   424 | D        | Found an iron altar of Okawaru.
   425 | D        | Found a bloodstained altar of Trog.
   425 | D        | Found an ornate altar of the Wu Jian Council.
   425 | D        | Noticed a human
   425 | D        | Noticed a human
   427 | D        | Killed a human
   428 | D        | Reached skill level 5 in Invocations
   428 | D        | Killed a human
   429 | D        | Reached skill level 19 in Stealth
   461 | D        | Noticed a shadow
   503 | D        | Killed a shadow
   503 | D        | Reached ** piety under Dithmenos
   504 | D        | Reached XP level 8. HP: 42/42 MP: 13/13
   558 | D        | Found a blossoming altar of Fedhas.
   558 | D        | Found a stormy altar of Qazlal.
   559 | D        | Found a snail-covered altar of Cheibriados.
   559 | D        | Found a burning altar of Makhleb.
   559 | D        | Found a hazy altar of Hepliaklqana.
   559 | D        | Found a shimmering altar of Xom.
   559 | D        | Found an opulent altar of Gozag.
   559 | D        | Found a sparkling altar of Nemelex Xobeh.
   559 | D        | Found a corrupted altar of Lugonu.
   559 | D        | Found a viscous altar of Jiyva.
   563 | D        | Reached skill level 20 in Stealth
   581 | D        | Noticed Snorg
   584 | D        | Killed Snorg
   585 | D        | Reached skill level 5 in Dodging
   585 | D        | Reached skill level 21 in Stealth
   591 | D        | Reached *** piety under Dithmenos
   592 | D        | Reached skill level 22 in Stealth
   597 | D        | Noticed a centaur warrior
   600 | D        | Reached XP level 9. HP: 21/46 MP: 15/15
   617 | D        | Killed a centaur warrior
   618 | D        | Reached skill level 23 in Stealth
   630 | D        | Noticed an unseen horror
   631 | D        | Killed an unseen horror
   631 | D        | Reached **** piety under Dithmenos
   632 | D        | Reached skill level 5 in Evocations
   634 | D        | Noticed a wandering mushroom
   638 | D        | Noticed a wandering mushroom
   640 | D        | Noticed a wandering mushroom
   644 | D        | Killed a wandering mushroom
   649 | D        | Killed a wandering mushroom
   650 | D        | Reached skill level 24 in Stealth
   652 | D        | Killed a wandering mushroom
   658 | D        | Noticed a cane toad
   658 | D        | Noticed a komodo dragon
   658 | D        | Noticed a cane toad
   662 | D        | Killed a komodo dragon
   662 | D        | Reached ***** piety under Dithmenos
   663 | D        | Reached skill level 5 in Fighting
   664 | D        | Killed a cane toad
   665 | D        | Reached XP level 10. HP: 23/51 MP: 16/18
   672 | D        | Killed a cane toad
   673 | D        | Reached skill level 25 in Stealth
   696 | D        | Reached skill level 10 in Invocations
   698 | D        | Noticed a lindwurm
   701 | D        | Killed a lindwurm
   702 | D        | Reached skill level 26 in Stealth
   703 | D        | Reached ****** piety under Dithmenos
   709 | D        | Noticed Urug
   711 | D        | Killed Urug
   712 | D        | Reached skill level 10 in Short Blades
   876 | D        | Noticed Sigmund
   876 | D        | Noticed Edmund
   878 | D        | Killed Edmund
   879 | D        | Reached skill level 27 in Stealth
   914 | D        | Killed from afar by Sigmund

Illustrated notes

Levels and vault maps discovered:
D:        dungeon_sprint_mu [sprint_mu_entry_cave, sprint_mu_temple_rooms,
          sprint_mu_d1_horrors, sprint_mu_d2_genie, sprint_mu_d3_branching,
          sprint_mu_orc_legion, sprint_mu_elf_gauntlet, sprint_mu_hive_nellie,
          sprint_mu_lair_fedhas, sprint_mu_vaults_butterflies,
          sprint_mu_slime_circle, sprint_mu_swamp_cave, sprint_mu_snake_twists,
          sprint_mu_blade_basic, sprint_mu_crypt_chambers,
          sprint_mu_tomb_spiral, sprint_mu_vestibule_basic,
          sprint_mu_gehenna_hellfire, sprint_mu_dis_giant,
          sprint_mu_tartarus_statrot, sprint_mu_cocytus_islands, sprint_mu_zot1]

Skill      XL: |  1  2  3  4  5  6  7  8  9 10 |
---------------+-------------------------------+-----
Stealth        | 9 12 14 18 19 22 24 27 | 27.0
Fighting       | 2 3 4 5 |  5.7
Short Blades   | 3 4 6 7 9 10 | 10.2
Throwing       | 3 4 5 6 7 8 |  8.5
Dodging        | 2 3 4 5 6 |  6.1
Invocations    | 4 5 7 9 10 | 10.6
Evocations     | 2 3 6 7 |  7.1

Action                   |  1- 3 |  4- 6 |  7- 9 | 10-12 || total
-------------------------+-------+-------+-------+-------++-------
Melee: Dagger            |    16 |     3 |    32 |    16 ||    67
       Punch             |     1 |       |       |       ||     1
Throw: Dart              |     6 |     3 |     1 |    10 ||    20
Invok: Shadow Step       |       |       |       |     1 ||     1
Evoke: Wand              |       |     3 |     3 |       ||     6
       Phial of floods   |       |       |     1 |     1 ||     2
  Use: Potion            |     1 |       |     6 |     1 ||     8
 Stab: Sleeping          |     2 |     3 |    13 |    10 ||    28
Armor: Robe              |       |       |     1 |     1 ||     2
Dodge: Dodged            |     7 |     1 |    14 |     2 ||    24

Table legend: (Time is in decaauts)
 A = Elapsed time spent in this place.
 B = Non-inter-level travel time spent in this place.
 C = Inter-level travel time spent in this place.
 D = Time resting spent in this place.
 E = Time spent auto-exploring this place.
 F = Levels seen in this place.
 G = Mean time per level.
                   A        B        C        D        E       F      G
               +--------+--------+--------+--------+--------+-----+--------+
         Total |    736 |    736 |      0 |    383 |     15 |   1 |  736.0 |
       Dungeon |    736 |    736 |      0 |    383 |     15 |   1 |  736.0 |
               +--------+--------+--------+--------+--------+-----+--------+

Top non-repeatable levels by time:
       D: 736 daAuts
